 Dungeon Crawl Stone Soup version 0.21-a0-509-gecc5317 (webtiles) character file.

4181 Hafrunt the Transmogrifier (level 10, -7/99 HPs)
             Began as a Purple Draconian Transmuter on Nov 30, 2017.
             Was a Believer of Makhleb.
             Mangled by an orc warrior
             ... wielding a +2 halberd of venom
              (23 damage)
             ... on level 8 of the Dungeon.
             The game lasted 00:33:25 (10545 turns).

Hafrunt the Transmogrifier (DrTm)                  Turns: 10545, Time: 00:33:26

Health: -7/99      AC:  6    Str: 14    XL:     10   Next: 8%
Magic:  11/15      EV: 12    Int: 16    God:    Makhleb [**....]
Gold:   386        SH:  0    Dex: 14    Spells: 5/15 levels left

rFire    x . .     SeeInvis .     - Unarmed
rCold    + + +     Gourm    .   (shield currently unavailable)
rNeg     . . .     Faith    .   (armour unavailable)
rPois    +         Spirit   .   (helmet currently unavailable)
rElec    .         Reflect  .   (cloak currently unavailable)
rCorr    .         Harm     .   (gloves currently unavailable)
MR       +....                  (boots currently unavailable)
Stlth    +.........             (no amulet)
HPRegen  0.26/turn              g - +3 ring of intelligence
MPRegen  0.14/turn              (no ring)

@: short of breath, ice-form, drained
A: large, (breathe power), unfitting armour, AC +7
a: End Transformation, Minor Destruction, Renounce Religion


You were on level 8 of the Dungeon.
You worshipped Makhleb.
Makhleb was pleased with you.
You were not hungry.
You were a creature of crystalline ice.
You visited 2 branches of the dungeon, and saw 9 of its levels.

You collected 386 gold pieces.

Inventory:

Missiles
 a - 162 arrows
Armour
 n - a +0 pair of gloves (melded)
 o - a +1 cloak (melded)
Jewellery
 g - a +3 ring of intelligence (left front paw)
Wands
 q - a wand of disintegration (15)
 s - a wand of paralysis (10)
 t - a wand of random effects (24)
 u - a wand of iceblast (4)
 w - a wand of polymorph (11)
Scrolls
 f - 3 scrolls of remove curse
 k - 3 scrolls of identify
Potions
 d - 3 potions of agility
 e - 3 potions of mutation
 h - 2 potions of curing
 i - a potion of brilliance {unknown}
 j - a potion of invisibility {unknown}
 p - a potion of resistance
 r - a potion of lignification {unknown}
 x - a potion of flight
 z - a potion of ambrosia {unknown}
Books
 b - a book of Changes

   Spells                             Type                      Level
   a - Beastly Appendage              Transmutation                1
   b - Sticks to Snakes               Transmutation                2
   c - Spider Form                    Transmutation/Poison         3
   d - Ice Form                       Ice/Transmutation            4
   e - Blade Hands                    Transmutation                5
Comestibles
 c - 5 bread rations
 l - 4 chunks of flesh
 m - a meat ration


   Skills:
 + Level 5.7(5.1) Fighting
 + Level 4.6(4.1) Dodging
 + Level 7.2(6.6) Unarmed Combat
 - Level 3.4(2.9) Spellcasting
 + Level 8.1(7.5) Transmutations
 - Level 4.0(3.5) Ice Magic
 - Level 2.0(1.5) Poison Magic
 + Level 6.0(5.5) Invocations


You had 5 spell levels left.
You knew the following spells:

 Your Spells              Type           Power        Failure   Level  Hunger
a - Beastly Appendage     Tmut           ####..       1%          1    #......
b - Spider Form           Tmut/Pois      ###.......   9%          3    ###....
c - Ice Form              Ice/Tmut       ###.....     19%         4    #####..
s - Sticks to Snakes      Tmut           ####....     1%          2    ##.....


Dungeon Overview and Level Annotations

Branches:
Dungeon (8/15)             Temple (1/1) D:4
   Lair: D:8-11

Altars:
Ashenzari
Cheibriados
Dithmenos
Elyvilon
Fedhas
Gozag
Hepliaklqana
Kikubaaqudgha
Makhleb
Nemelex Xobeh
Okawaru
Qazlal
Ru
Sif Muna
Trog
Uskayaw
Vehumet
Wu Jian
Xom
Yredelemnul
Zin
The Shining One

Shops:
D:4 *


Innate Abilities, Weirdness & Mutations

((You can breathe bolts of dispelling energy.))
((Your rich purple scales are hard. (AC +7)))
You cannot fit into any form of body armour.
((You are cold-blooded and may be slowed by cold attacks.))


Message History

The wyvern skeleton bites you.
* * * LOW HITPOINT WARNING * * *
You are too injured to fight recklessly!
You feel better. The wyvern skeleton misses you.
The orc warrior barely misses you.
You are too injured to fight recklessly!
You punch the wyvern skeleton!
The wyvern skeleton is almost destroyed.
The wyvern skeleton barely misses you.
The orc warrior hits you from afar with a halberd of venom!
* * * LOW HITPOINT WARNING * * *
You are lethally poisoned!
You hit the wyvern skeleton.
You destroy the wyvern skeleton!
Makhleb accepts your kill.
* * * LOW HITPOINT WARNING * * *
You feel sick.
You feel better. The orc warrior barely misses you.
The orc warrior hits you with a halberd of venom!!
You die...

#.#.#.###.#.#.# #.#
#...##.#.#.#.# #.#
#. ##.###.#.#.# #.#
##.#.#.#.#.# #.# #.
#.###.###.#.#.# #.#
##.#.#.#.#.#.# #.#
##.###.###.#.#.# #.
##.#.#.#.#.#.#.#
#.# #.###Y###.###.#
#.# ##.#.#o#.#.#.#
#.# # ##.###.###.##
#.# #.
#.#.#.#.#.#.###.#
#.#
#)###.###(###.#.#
#$# ##
#.#.#.#.###.###.#.#
#.#
#o###.#.#.#.#.#.
#.# #)#.#
#.###.###.# #(# #.#
#.#.#.#.#(#.#.


You could see an orc warrior.

Vanquished Creatures
  A hippogriff (D:8)
  Sigmund (D:6)
  A water moccasin (D:7)
  Duvessa (D:6)
  The ghost of smazza the Gusty, an amateur TeAE (D:4)
  A sky beast (D:7)
  An ice beast (D:7)
  2 orc warriors
  A black bear (D:7)
  3 ogres
  4 phantoms
  6 centaurs
  5 bullfrogs
  Blork the orc (D:6)
  A wyvern zombie (D:8)
  Dowan (D:6)
  A wyvern skeleton (D:8)
  2 scorpions (D:4)
  A water moccasin skeleton (D:5)
  2 wights (D:8)
  3 howler monkeys (D:8)
  A centaur zombie (D:8)
  2 crimson imps
  A bullfrog zombie (D:8)
  2 hounds
  Crazy Yiuf (D:7)
  A gnoll shaman (D:5)
  2 orc priests
  A quasit (D:8)
  6 orc wizards
  2 centaur skeletons (D:8)
  4 iguanas
  Ijyb (D:4)
  6 worker ants
  A hound zombie (D:6)
  A worker ant zombie (D:6)
  5 adders
  3 gnolls (D:5)
  An ooze (D:1)
  2 adder zombies (D:8)
  An adder skeleton (D:8)
  2 worms
  3 dart slugs
  9 leopard geckos
  18 orcs
  8 giant cockroaches
  4 hobgoblins
  7 jackals
  5 quokkas
  A ball python (D:1)
  5 bats
  3 frilled lizards
  11 goblins
  A jackal zombie (D:8)
  8 kobolds
  A quokka skeleton (D:6)
  5 rats
175 creatures vanquished.

Vanquished Creatures (collateral kills)
  Terence (D:2)
  An adder (D:2)
2 creatures vanquished.

Grand Total: 177 creatures vanquished

Notes
Turn   | Place    | Note
-------+----------+-------------------------------------------
     0 | D:1      | Hafrunt the Draconian Transmuter began the quest for the Orb.
     0 | D:1      | Reached XP level 1. HP: 16/16 MP: 3/3
   150 | D:1      | Reached XP level 2. HP: 7/23 MP: 3/5
   818 | D:2      | Reached XP level 3. HP: 28/28 MP: 4/6
   860 | D:2      | Learned a level 3 spell: Spider Form
   915 | D:2      | Learned a level 2 spell: Sticks to Snakes
   926 | D:2      | Reached skill level 3 in Transmutations
  1072 | D:2      | Noticed Terence
  1097 | D:2      | Killed Terence
  1097 | D:2      | Reached skill level 1 in Poison Magic
  1097 | D:2      | Reached XP level 4. HP: 18/35 MP: 1/7
  1274 | D:2      | Found an ancient bone altar of Kikubaaqudgha.
  1407 | D:2      | Found a shattered altar of Ashenzari.
  1910 | D:3      | Noticed an air elemental
  1913 | D:3      | Noticed an earth elemental
  1925 | D:3      | Found a stormy altar of Qazlal.
  1927 | D:3      | Noticed a water elemental
  1927 | D:3      | Noticed a fire elemental
  2216 | D:3      | Reached XP level 5. HP: 35/40 MP: 8/8
  2995 | D:4      | Noticed a phantom
  3040 | D:4      | Found a staircase to the Ecumenical Temple.
  3052 | Temple   | Entered the Ecumenical Temple
  3122 | Temple   | Became a worshipper of Makhleb the Destroyer
  3296 | D:4      | Reached skill level 4 in Transmutations
  3369 | D:4      | Reached skill level 1 in Invocations
  3369 | D:4      | Reached XP level 6. HP: 34/47 MP: 7/9
  3517 | D:4      | Found Vanagua's Assorted Antiques.
  3698 | D:4      | Found a shadowy altar of Dithmenos.
  4297 | D:4      | Noticed Ijyb
  4303 | D:4      | Killed Ijyb
  4364 | D:4      | Noticed smazza's ghost (amateur TeAE)
  4407 | D:4      | Killed smazza's ghost
  4505 | D:3      | Learned a level 4 spell: Ice Form
  5036 | D:4      | Reached skill level 5 in Unarmed Combat
  5036 | D:4      | Your scales start taking on a rich purple colour.
  5036 | D:4      | Reached XP level 7. HP: 19/52 MP: 9/12
  5561 | D:4      | Reached skill level 5 in Transmutations
  5828 | D:4      | Reached skill level 1 in Ice Magic
  5935 | D:5      | Entered Level 5 of the Dungeon
  6540 | D:5      | Reached XP level 8. HP: 22/62 MP: 13/13
  7020 | D:5      | Reached skill level 6 in Transmutations
  7248 | D:6      | Noticed Dowan
  7262 | D:6      | Noticed Duvessa
  7266 | D:6      | Noticed Sigmund
  7368 | D:6      | Reached * piety under Makhleb
  7715 | D:6      | Killed Sigmund
  7960 | D:6      | Reached skill level 7 in Transmutations
  8229 | D:6      | Noticed Blork the orc
  8235 | D:6      | Killed Blork the orc
  8235 | D:6      | Reached XP level 9. HP: 65/71 MP: 10/14
  8557 | D:6      | Killed Duvessa
  8568 | D:6      | Killed Dowan
  9068 | D:7      | Found a runed door.
  9073 | D:7      | Noticed Crazy Yiuf
  9078 | D:7      | Killed Crazy Yiuf
  9255 | D:7      | Found a blossoming altar of Fedhas.
  9255 | D:7      | Found a shadowy altar of Dithmenos.
  9256 | D:7      | Found a hide-covered altar of Uskayaw.
  9287 | D:7      | Reached skill level 5 in Invocations
  9358 | D:7      | You fall through a shaft!
  9388 | D:8      | Reached ** piety under Makhleb
  9390 | D:8      | Reached skill level 5 in Fighting
  9473 | D:8      | Noticed a two-headed ogre
  9993 | D:8      | Reached skill level 8 in Transmutations
 10015 | D:8      | Reached XP level 10. HP: 14/81 MP: 4/15
 10545 | D:8      | Mangled by an orc warrior

Vault maps used:
D:1:      minmay_arrival_diagonal_passages
D:2:      nicolae_overflow_hidden_temple, lemuel_doored_altar, uniq_terence
D:3:      first_bread, nicolae_qazlal_style_of_elements
D:4:      minmay_temple_entry_grid, serial_shops, shop,
          nicolae_dithmenos_shadow_blocks, uniq_ijyb
D:5:      wad_floor_pattern_1
D:6:      uniq_sigmund, uniq_duvessa, uniq_blork_the_orc
D:7:      gammafunk_temple_overflow_claw, uniq_crazy_yiuf_cottage
D:8:      minmay_imperfect_grid, serial_undead, serial_undead_a,
          serial_undead_c, serial_undead_e, serial_undead_d,
          gup_ossuary_entry_pyramid
Temple:   minmay_crystal_spiral_temple

Skill      XL: |  1  2  3  4  5  6  7  8  9 10 |
---------------+-------------------------------+-----
Transmutations | 3 4 5 7 8 |  8.1
Poison Magic   | 1 2 |  2.0
Unarmed Combat | 4 5 6 7 |  7.2
Invocations    | 1 2 3 4 5 6 |  6.0
Spellcasting   | 3 |  3.4
Fighting       | 2 4 5 |  5.7
Ice Magic      | 1 3 4 |  4.0
Dodging        | 2 3 4 |  4.6

Action                   |  1- 3 |  4- 6 |  7- 9 | 10-12 || total
-------------------------+-------+-------+-------+-------++-------
Melee: Unarmed           |   112 |    50 |   420 |    32 ||   614
       Tailslap          |     6 |    17 |    24 |     2 ||    49
       Headbutt          |    10 |    16 |    21 |       ||    47
       Kick              |     7 |    11 |    32 |     3 ||    53
       Punch             |     3 |     3 |     7 |       ||    13
       Whip              |       |   172 |    17 |       ||   189
 Cast: Beastly Appendage |    21 |    34 |    30 |     2 ||    87
       Sticks to Snakes  |     4 |       |       |       ||     4
       Spider Form       |       |     3 |    24 |     2 ||    29
       Ice Form          |       |       |     4 |     1 ||     5
 Abil: End Transformatio |       |     1 |     8 |       ||     9
       Breathe Dispellin |       |       |     2 |     1 ||     3
  Use: Potion            |       |       |     4 |     2 ||     6
       Scroll            |       |       |    14 |       ||    14
 Stab: Sleeping          |     1 |       |       |       ||     1
  Eat: Chunk             |     1 |     8 |    12 |     3 ||    24
       Bread ration      |       |     2 |       |       ||     2
       Royal jelly       |       |       |     1 |       ||     1
       Fruit             |       |       |     4 |       ||     4
Armor: Skin              |    30 |    54 |    82 |     3 ||   169
Dodge: Dodged            |    84 |   140 |   258 |    27 ||   509

Table legend:
 A = Spawn XP
 B = Non-spawn XP
 C = Spawn XP percentage of total XP
 D = Spawn monster count
 E = Non-spawn monster count
 F = Spawn count percentage of total count
 G = Total turns spent on level
                    A         B        C        D         E        F      G
               +---------+---------+-------+---------+---------+-------+---------
         Total |       0 |    5973 |   0.0 |       0 |     177 |   0.0 | 10545
               +---------+---------+-------+---------+---------+-------+---------
           D:1 |       0 |      36 |   0.0 |       0 |      19 |   0.0 |   802
           D:2 |       0 |      90 |   0.0 |       0 |      21 |   0.0 |  1137
           D:3 |       0 |     159 |   0.0 |       0 |      25 |   0.0 |  2261
           D:4 |       0 |     720 |   0.0 |       0 |      14 |   0.0 |  1564
           D:5 |       0 |     630 |   0.0 |       0 |      17 |   0.0 |  1219
           D:6 |       0 |    1572 |   0.0 |       0 |      30 |   0.0 |  1679
           D:7 |       0 |     854 |   0.0 |       0 |      17 |   0.0 |   525
           D:8 |       0 |    1912 |   0.0 |       0 |      34 |   0.0 |  1187
               +---------+---------+-------+---------+---------+-------+---------
